 Dungeon Crawl Stone Soup version 0.30.1-1-g62c8e00024 (webtiles) character file.

Game seed: 16344687271002485419

1251 GeoRichter the Skirmisher (level 8, -4/39 HPs)
             Began as a Spriggan Hexslinger on July 15, 2023.
             Was an Initiate of Gozag.
             Killed from afar by an orc wizard (10 damage)
             ... with a magic dart
             ... on level 6 of the Dungeon.
             The game lasted 00:12:48 (5114 turns).

GeoRichter the Skirmisher (Spriggan Hexslinger)     Turns: 5114, Time: 00:12:49

Health: -4/39      AC:  2    Str:  6    XL:     8   Next: 26%
Magic:  7/12       EV: 17    Int: 15    God:    Gozag
Gold:   122        SH:  5    Dex: 17    Spells: 7/11 levels left

rFire   . . .        a - +1 sling
rCold   . . .        (no shield)
rNeg    . . .        c - +0 robe
rPois   +            (helmet restricted)
rElec   .            (no cloak)
rCorr   +            (gloves unavailable)
SInv    +            (boots unavailable)
Will    ++...        u - amulet of reflection
Stlth   ++           (no ring)
HPRegen 0.26/turn    b - ring "Limitsie" {+Blink rPois Will+ rCorr SInv}
MPRegen 0.13/turn

%: reflection
@: very quick
A: very small, no large weapons, unfitting armour, see invisible, speed 3
a: Renounce Religion, Evoke Blink, Potion Petition, Call Merchant, Bribe Branch


You were on level 6 of the Dungeon.
You worshipped Gozag.
Gozag was aware of your devotion.
You visited 1 branch of the dungeon, and saw 6 of its levels.
You also visited: Sewer.

You collected 595 gold pieces.
You spent 444 gold pieces at shops.
You paid 29 gold pieces to Gozag.

Inventory:

Hand Weapons
 a - a +1 sling (weapon)
 d - a +1 dagger of distortion {!w}
   (You took it off a goblin on level 1 of the Dungeon)
Missiles
 o - a throwing net {!f}
Armour
 c - a +0 robe (worn)
Jewellery
 b - the ring "Limitsie" (right hand) {+Blink rPois Will+ rCorr SInv}
   (You bought it in a shop on level 4 of the Dungeon)

   [ring of see invisible]

   rPois:     It protects you from poison.
   SInv:      It lets you see invisible.
   +Blink:    It lets you blink.
   rCorr:     It protects you from acid and corrosion.
   Will:      It increases your willpower.
 u - an amulet of reflection (around neck)
   (You found it on level 4 of the Dungeon)
Wands
 h - a wand of iceblast (8)
   (You found it on level 6 of the Dungeon)
 y - a wand of light (2)
   (You took it off Ijyb on level 4 of the Dungeon)
Scrolls
 f - a scroll of torment {unknown}
 j - a scroll of blinking {unknown}
 k - a scroll of vulnerability {unknown}
 m - a scroll of teleportation {unknown}
 n - a scroll of brand weapon {unknown}
 p - a scroll of fog {unknown}
 r - a scroll of fear {unknown}
 s - 2 scrolls of enchant armour {unknown}
 t - a scroll of magic mapping {unknown}
 z - a scroll of butterflies {unknown}
 C - a scroll of enchant weapon {unknown}
 D - a scroll of immolation {unknown}
Potions
 e - 2 potions of mutation {!q}
 g - 3 potions of invisibility
 i - a potion of might {unknown}
 l - 4 potions of heal wounds {@q2}
 q - a potion of curing {unknown}
 w - a potion of lignification {unknown}
 x - 2 potions of magic {unknown}
 A - 2 potions of haste {unknown}
 B - a potion of degeneration {unknown}
 E - a potion of resistance {unknown}


   Skills:
 - Level 2.3 Fighting
 - Level 9.1 Ranged Weapons
 - Level 2.6 Dodging
 + Level 2.0 Spellcasting
 * Level 5.3 Hexes


You had 7 spell levels left.
You knew the following spells:

 Your Spells              Type           Power      Damage    Failure   Level
a - Slow                  Hex            68%        N/A       2%          1
b - Inner Flame           Hex/Fire       9%         N/A       22%         3

Your spell library contained the following spells:

 Spells                   Type           Power      Damage    Failure   Level
 Apportation              Tloc           2%         N/A       22%         1
 Necrotise                Necr           4%         1d4       22%         1
 Summon Small Mammal      Summ           4%         N/A       22%         1
 Portal Projectile        Hex/Tloc       18%        N/A       22%         3
 Cause Fear               Hex            8%         N/A       24%         4


Dungeon Overview and Level Annotations

Branches:
Dungeon (6/15) Zot: 26277  Temple (0/1) D:5           Sewer (visited)

Altars:
Gozag
Uskayaw
Xom
Zin

Shops:
D:4 =


Innate Abilities, Weirdness & Mutations

You are very small and have problems with some larger weapons.
You are too small for most types of armour.
You have supernaturally acute eyesight. (SInv)
You cover ground extremely quickly. (Speed+++)


Message History

As you close the door, it creaks loudly!
You start resting.
An orc wizard is nearby!
Fire: a) +1 sling
Press: ? - help, Q - select action, (/) - cycle Shift-Dir - straight line, f - orc wizard
Aim: an orc wizard, wielding a +0 dagger of draining and wearing a +0 robe (58% to hit)
You shoot a sling bullet. The sling bullet hits the orc wizard.
The orc wizard is moderately wounded.
Okay, then.
Casting: Inner Flame (quite dangerous; 22% risk of failure)
Confirm with . or Enter, or press ? or * to list all spells.
Okay, then.
Casting: Inner Flame (quite dangerous; 22% risk of failure)
Confirm with . or Enter, or press ? or * to list all spells.
The spell is quite dangerous to miscast (22% risk of failure)!
Continue anyway?
Aiming: Inner Flame (quite dangerous; 22% risk of failure)
Press: ? - help, Dir - move target, f/p - orc wizard
Aim: an orc wizard, wielding a +0 dagger of draining and wearing a +0 robe (moderately wounded, chance to affect: 58%)
The orc wizard resists with significant effort.
Casting: Inner Flame (quite dangerous; 22% risk of failure)
Confirm with . or Enter, or press ? or * to list all spells.
The spell is quite dangerous to miscast (22% risk of failure)!
Continue anyway?
Aiming: Inner Flame (quite dangerous; 22% risk of failure)
Press: ? - help, Dir - move target, f/p - orc wizard
Aim: an orc wizard, wielding a +0 dagger of draining and wearing a +0 robe (moderately wounded, chance to affect: 58%)
The orc wizard is filled with an inner flame.
The orc priest invokes the aid of Beogh against you.
Beogh smites you!
Fire: a) +1 sling
Press: ? - help, Q - select action, (/) - cycle Shift-Dir - straight line, f/p - orc wizard
Aim: an orc wizard, wielding a +0 dagger of draining and wearing a +0 robe (moderately wounded, inner flame, 58% to hit)
You shoot a sling bullet.
The sling bullet barely misses the orc wizard.
The orc wizard points at you and mumbles some strange words.
The magic dart hits you!
* * * LOW HITPOINT WARNING * * *
The orc wizard casts a spell at you. You resist with almost no effort.
The orc wizard casts a spell at you. The magic dart hits you!
* * * LOW HITPOINT WARNING * * *
Fire: a) +1 sling
Press: ? - help, Q - select action, (/) - cycle Shift-Dir - straight line, f/p - orc wizard
Aim: an orc wizard, wielding a +0 dagger of draining and wearing a +0 robe (moderately wounded, inner flame, 58% to hit)
You shoot a sling bullet.
The sling bullet closely misses the orc wizard.
The orc wizard casts a spell at you. The magic dart hits you!
You die...
Your body crumbles into a pile of gold.

##.##.###.## #.. #.##....... ...
#.######.## #+ #.# #.# #.# ...
#.# #.######.# o... ####.###
#....o.o># o....
##.##...######.#o######.
..o...####........#...o....####..
()o...'.....)..[@......o......+..
......####........#.##.....####..
..... ##.##...##.##.##..# ....
#####.###)##.###.# ... #.#
#.##.###.# #+ #####.###........#
#.......)###)##### #.###.##.# #.#
...##.###.#########


You could see 2 orc wizards.

Vanquished Creatures
  Sigmund (D:3)
  Edmund (D:4)
  An ice beast (D:6)
  An orc warrior (D:6)
  An ogre (D:6)
  A howler monkey (D:3)
  2 orc priests
  A gnoll bouda (D:4)
  A jelly (D:6)
  3 hounds
  Ijyb (D:4)
  3 iguanas
  2 orc wizards (D:4)
  Robin (D:2)
  8 gnolls
  9 adders
  A river rat (D:6)
  A shadow imp (D:6)
  A white imp (D:5)
  An ufetubus (D:6)
  3 worms
  2 dart slugs
  9 orcs
  2 bats
  7 endoplasms
  4 giant cockroaches
  16 goblins
  3 hobgoblins
  5 jackals
  3 quokkas
  3 ball pythons
  6 frilled lizards
  4 kobolds
  8 rats
116 creatures vanquished.

Notes
Turn   | Place    | Note
-------+----------+-------------------------------------------
     0 | D:1      | GeoRichter the Spriggan Hexslinger began the quest for the
                  | Orb.
     0 | D:1      | Reached XP level 1. HP: 9/9 MP: 3/3
    64 | D:1      | Found a faded altar of an unknown god.
   220 | D:1      | Reached XP level 2. HP: 9/14 MP: 5/5
   301 | D:1      | Reached skill level 3 in Ranged Weapons
   986 | D:2      | Found a shimmering altar of Xom.
  1035 | D:2      | Reached XP level 3. HP: 17/17 MP: 6/6
  1279 | D:2      | Reached skill level 4 in Ranged Weapons
  1281 | D:2      | Noticed Robin
  1309 | D:2      | Killed Robin
  1326 | D:2      | Reached XP level 4. HP: 21/21 MP: 7/7
  1641 | D:3      | Found a hide-covered altar of Uskayaw.
  1648 | D:3      | Reached skill level 5 in Ranged Weapons
  1739 | D:3      | Reached XP level 5. HP: 21/25 MP: 8/8
  1884 | D:3      | Noticed Sigmund
  1911 | D:3      | Killed Sigmund
  1912 | D:3      | Reached skill level 6 in Ranged Weapons
  1912 | D:3      | Reached XP level 6. HP: 29/29 MP: 9/9
  2594 | D:4      | Found an opulent altar of Gozag.
  2684 | D:4      | Reached skill level 7 in Ranged Weapons
  2906 | D:4      | Reached skill level 1 in Fighting
  2913 | D:4      | Became a worshipper of Gozag Ym Sagoz the Greedy
  2942 | D:4      | Found Jigum's Jewellery Emporium.
  2998 | D:5      | Entered Level 5 of the Dungeon
  2998 | D:5      | Noticed Edmund
  3123 | D:4      | Killed Edmund
  3124 | D:4      | Reached XP level 7. HP: 33/33 MP: 10/10
  3157 | D:5      | Noticed Ijyb
  3226 | D:4      | Killed Ijyb
  3281 | D:5      | Found a staircase to the Ecumenical Temple.
  3415 | D:5      | Reached skill level 8 in Ranged Weapons
  3814 | D:5      | Found a glowing silver altar of Zin.
  4028 | D:6      | Learned a level 3 spell: Inner Flame
  4267 | D:6      | Found a glowing drain.
  4300 | Sewer    | Entered a sewer
  4323 | Sewer    | Noticed Pargi
  4555 | D:6      | Reached XP level 8. HP: 32/39 MP: 11/11
  4623 | D:4      | Bought the ring "Limitsie" {+Blink rPois Will+ rCorr SInv}
                  | for 444 gold pieces
  4800 | D:6      | Reached skill level 9 in Ranged Weapons
  4927 | D:6      | Reached skill level 5 in Hexes
  5114 | D:6      | Killed from afar by an orc wizard

Illustrated notes

Levels and vault maps discovered:
D:1:      wheals_arrival_linesprint, layout_loops_ring,
          ebering_ecumenical_altar_box
D:2:      layout_basic, basic_altar, minivault_24, hangedman_glass_teeth,
          patterned_corridor, uniq_robin
D:3:      layout_basic, nicolae_uskayaw_dance_hall, uniq_sigmund
D:4:      layout_rooms, mainiacjoe_overflow_cross_hatched, serial_shops,
          nicolae_shop_tiny_real_fake_doors
D:5:      layout_basic, mainiacjoe_overflow_alcove_4,
          minmay_temple_entry_butterflies, uniq_ijyb, uniq_edmund
D:6:      layout_loops_corners, gup_sewer_entry_bubbles, minivault_1,
          dreamdust_wishing_well, glass_columns_a

Skill      XL: |  1  2  3  4  5  6  7  8 |
---------------+-------------------------+-----
Ranged Weapons | 3 4 5 6 7 8 9 |  9.1
Fighting       | 1 2 |  2.3
Hexes          | 4 5 |  5.3
Spellcasting   | 2 |  2.0
Dodging        | |  2.6

Action                     |  1- 3 |  4- 6 |  7- 9 || total
---------------------------+-------+-------+-------++-------
   Fire: Sling             |   100 |   196 |   275 ||   571
   Cast: Slow              |     3 |       |       ||     3
         Inner Flame       |       |       |     7 ||     7
  Evoke: Wand              |       |       |     4 ||     4
    Use: Scroll            |       |     1 |     4 ||     5
 Armour: Robe              |     4 |     2 |     5 ||    11
  Dodge: Dodged            |    33 |    38 |    79 ||   150
  Block: Other             |       |     6 |    28 ||    34
         Reflection        |       |     2 |     1 ||     3
